 Dungeon Crawl Stone Soup version 0.20.1-1-g8b1a95d (webtiles) character file.

78 Peloso the Skirmisher (level 4, -1/35 HPs)
             Began as a Demonspawn Fighter on Aug 1, 2017.
             Slain by a gnoll
             ... wielding a +0 club
              (8 damage)
             ... on level 2 of the Dungeon.
             The game lasted 00:04:06 (1409 turns).

Peloso the Skirmisher (Demonspawn Fighter)          Turns: 1409, Time: 00:04:06

Health: -1/35      AC:  6    Str: 18    XL:     4   Next: 15%
Magic:  4/4        EV:  7    Int:  9    God:
Gold:   95         SH:  9    Dex: 12    Spells: 3/3 levels left

rFire    . . .     SeeInvis .   a - +0 long sword
rCold    . . .     Gourm    .   c - +0 shield
rNeg     . . .     Faith    .   b - +0 scale mail
rPois    .         Spirit   .   (no helmet)
rElec    .         Reflect  .   (no cloak)
rCorr    .         Harm     .   (no gloves)
MR       .....                  (no boots)
Stlth    ..........             (no amulet)
Regen    0.2/turn               (no ring)
MPRegen  0.1/turn               (no ring)

@: no status effects
A: powered by death 2
a: no special abilities


You were on level 2 of the Dungeon.
You were not hungry.

You visited 1 branch of the dungeon, and saw 2 of its levels.

You collected 95 gold pieces.

Inventory:

Hand Weapons
 a - a +0 long sword (weapon)
 s - a +3 short sword
 t - a +3 whip
Armour
 b - a +0 scale mail (worn)
 c - a +0 shield (worn)
Scrolls
 i - a scroll of blinking {unknown}
 j - 2 scrolls of enchant weapon {unknown}
 n - a scroll of identify {unknown}
 o - a scroll of noise {unknown}
 q - 2 scrolls of teleportation {unknown}
 r - a scroll of magic mapping {unknown}
Potions
 d - a potion of might
 e - a potion of curing {unknown}
 g - a potion of brilliance {unknown}
 m - a potion of heal wounds {unknown}
Comestibles
 f - a bread ration
 h - a meat ration
 k - 2 royal jellies
 l - 2 fruits


   Skills:
 + Level 3.4 Fighting
 + Level 2.7 Long Blades
 + Level 3.3 Armour
 + Level 0.1 Dodging
 + Level 3.1 Shields


You had 3 spell levels left.
You didn't know any spells.

Dungeon Overview and Level Annotations

Branches:
Dungeon (2/15)

Altars:
Makhleb


Innate Abilities, Weirdness & Mutations

You regenerate health from kills.


Message History

The gnoll is moderately wounded.
Your shield prevents you from hitting the gnoll.
The gnoll is severely wounded.
You block the gnoll's attack.
Your shield prevents you from hitting the gnoll.
The gnoll is moderately wounded.
The gnoll hits you. The gnoll hits you but does no damage.
You barely miss the gnoll.
The gnoll is moderately wounded.
You block the gnoll's attack. The gnoll hits you with a club.
The gnoll hits you.
* * * LOW HITPOINT WARNING * * *
Unknown command.
You barely miss the gnoll.
The gnoll is heavily wounded.
You block the gnoll's attack.
You hit the gnoll.
The gnoll is severely wounded.
The gnoll hits you with a club!
You die...

#.####.# #.# #.#
#......# #.# #.###
#.###### #.# #....
##.## ###.### ....
....#####.....# #..#
.......)......######..#
#...#####...÷......†..#
#.### #.....######.# #.
#.......@gg..# #.
############## #.


You could see 2 gnolls.

Vanquished Creatures
  Terence (D:2)
  3 gnolls
  2 dart slugs (D:1)
  3 goblins
  2 hobgoblins (D:1)
  A ball python (D:1)
  5 bats
  A frilled lizard (D:1)
  3 kobolds
  3 rats
24 creatures vanquished.

Notes
Turn   | Place    | Note
-------+----------+-------------------------------------------
     0 | D:1      | Peloso the Demonspawn Fighter began the quest for the Orb.
     0 | D:1      | Reached XP level 1. HP: 18/18 MP: 1/1
   184 | D:1      | Gained mutation: You regenerate a little health from kills. [demonic ancestry]
   184 | D:1      | Reached XP level 2. HP: 24/24 MP: 2/2
  1090 | D:2      | Noticed Terence
  1096 | D:2      | Killed Terence
  1096 | D:2      | Gained mutation: You regenerate health from kills. [demonic ancestry]
  1096 | D:2      | Reached XP level 3. HP: 22/29 MP: 3/3
  1182 | D:2      | Found a burning altar of Makhleb.
  1362 | D:2      | Reached XP level 4. HP: 27/35 MP: 4/4
  1409 | D:2      | Slain by a gnoll

Skill      XL: |  1  2 |
---------------+-------+-----
Long Blades    | 2 |  2.7
Shields        | 3 |  3.1
Armour         | 3 |  3.3
Fighting       | |  3.4
Dodging        | |  0.1

Action                   |  1- 3 |  4- 6 || total
-------------------------+-------+-------++-------
Melee: Long sword        |    77 |    26 ||   103
  Eat: Chunk             |     1 |     1 ||     2
Armor: Scale mail        |    26 |    15 ||    41
Dodge: Dodged            |    23 |    17 ||    40
Block: Shield            |    38 |    18 ||    56
       Rpst.: Long sword |    11 |     5 ||    16
